 Dungeon Crawl Stone Soup version 0.31.0 (webtiles) character file.

Game seed: 13389082208538921536

589 Aldia the Apothecary (level 7, -6/40 HPs)
             Began as an Octopode Alchemist on Jan 19, 2024.
             Was a Follower of Hepliaklqana.
             Mangled by an orc
             ... wielding a +0 trident
              (8 damage)
             ... on level 4 of the Dungeon.
             The game lasted 00:15:38 (4225 turns).

Aldia the Apothecary (Octopode Alchemist)           Turns: 4225, Time: 00:15:39

Health: -6/40      AC: -3    Str:  8    XL:     7   Next: 38%
Magic:  6/12       EV: 13    Int: 19    God:    Hepliaklqana [*.....]
Gold:   187        SH:  0    Dex: 18    Spells: 3/13 levels left

rFire   . . .        n - staff of alchemy
rCold   . . .        (no shield)
rNeg    . . .        (helmet restricted)
rPois   +            d - amulet of the acrobat
rElec   .            e - +6 ring of dexterity
rCorr   .            (no ring)
SInv    .            (no ring)
Will    .....        (no ring)
Stlth   ++++         (no ring)
HPRegen 0.26/turn    (no ring)
MPRegen 0.13/turn    (no ring)
                     (no ring)

%: acrobat
@: about to teleport, corroded
A: reduced essence, almost no armour, amphibious, 8 rings, camouflage 1,
gelatinous body 1, (nimble swimmer 1), tentacles
a: Renounce Religion, Recall Ancestor, Ancestor Identity


You were on level 4 of the Dungeon.
You worshipped Hepliaklqana.
Hepliaklqana was aware of your devotion.
You visited 1 branch of the dungeon, and saw 5 of its levels.

You collected 187 gold pieces.

Inventory:

Hand Weapons
 k - a +4 dagger
 o - a +2 orcbow of freezing
Magical Staves
 n - a staff of alchemy (weapon)
Jewellery
 d - an amulet of the acrobat (around mantle)
 e - a +6 ring of dexterity (left tentacle)
Wands
 p - a wand of roots (8)
 q - a wand of flame (14)
Scrolls
 b - a scroll of fog
 h - a scroll of poison {unknown}
 i - 5 scrolls of teleportation
 m - a scroll of enchant weapon
Potions
 a - a potion of magic
 c - 4 potions of brilliance
 f - a potion of might
 g - 2 potions of curing {unknown}
 j - 3 potions of haste
 l - 2 potions of lignification


   Skills:
 + Level 2.4 Fighting
 + Level 2.0 Dodging
 - Level 4.0 Stealth
 + Level 3.5 Spellcasting
 - Level 3.2 Conjurations
 - Level 3.0 Air Magic
 * Level 5.2 Alchemy


You had 3 spell levels left.
You knew the following spells:

 Your Spells              Type           Power      Damage    Failure   Level
a - Sting                 Conj/Alch      100%       1d9       2%          1
b - Mercury Vapours       Alch/Air       56%        N/A       4%          2
c - Mephitic Cloud        Conj/Alch/Air  27%        N/A       9%          3
d - Olgreb's Toxic Radia  Alch           35%        N/A       17%         4

Your spell library contained the following spells:

 Spells                   Type           Power      Damage    Failure   Level
 Necrotise                Necr           12%        1d4       14%         1
 Dazzling Flash           Conj/Hex       18%        N/A       22%         3
 Call Canine Familiar     Summ           3%         N/A       41%         3
 Sigil of Binding         Hex            3%         N/A       41%         3
 Vampiric Draining        Necr           3%         2d6       41%         3
 Sticky Flame             Fire/Alch      20%        2d6       43%         4
 Cause Fear               Hex            1%         N/A       82%         4
 Dimensional Bullseye     Hex/Tloc       1%         N/A       82%         4
 Martyr's Knell           Necr/Summ      3%         N/A       82%         4
 Fireball                 Conj/Fire      4%         3d4       90%         5
 Silence                  Hex/Air        4%         N/A       91%         5
 Curse of Agony           Necr           3%         N/A       99%         5
 Dragon's Call            Summ           1%         N/A       100%        9


Dungeon Overview and Level Annotations

Branches:
Dungeon (5/15)
 Temple: D:4-7

Altars:
Ashenzari
Dithmenos
Elyvilon
Hepliaklqana
Kikubaaqudgha
Makhleb
Nemelex Xobeh
Sif Muna
Uskayaw
Wu Jian
Yredelemnul
Zin
The Shining One

Annotations:
D:3 Natasha
D:4 2 transporters
D:5 exclusion: water moccasin, Prince Ribbit


Innate Abilities, Weirdness & Mutations

Your life essence is reduced to manifest your ancestor. (-10% HP)
You cannot wear most types of armour.
You are amphibious.
You can wear up to eight rings at the same time.
Your skin changes colour to match your surroundings (Stealth+).
Your rubbery body absorbs attacks. (AC +1, EV +1)
((You are camouflaged when in or above water. (Stealth+)))
You have tentacles for arms and can constrict up to eight enemies at once.


Message History

The orc hits you with a +0 hand axe! The jelly hits you. The acid corrodes you!
You are splashed with acid!
The jackal is engulfed in noxious fumes.
The jackal appears confused.
The jackal bites you.
Unknown command.
Unknown command.
Casting: Mephitic Cloud (dangerous; 9% risk of failure)
Confirm with . or Enter, or press ? or * to list all spells.
Aiming: Mephitic Cloud (dangerous; 9% risk of failure)
Press: ? - help, Shift-Dir - straight line, f/p - jackal
Aim: a jackal (noxious fumes, confused, chance to affect: 96%)
Okay, then.
As you read the scroll of teleportation, it crumbles to dust.
You feel strangely unstable.
The jackal is engulfed in noxious fumes.
The jackal appears confused.
The orc completely misses you. The iguana closely misses you.
The orc hits you with a +0 hand axe.
* * * LOW HITPOINT WARNING * * *
The jelly hits you.
* * * LOW HITPOINT WARNING * * *
You are splashed with acid!
* * * LOW HITPOINT WARNING * * *
Unknown command.
Unknown command.
Okay, then.
Casting: Mephitic Cloud (dangerous; 9% risk of failure)
Confirm with . or Enter, or press ? or * to list all spells.
Aiming: Mephitic Cloud (dangerous; 9% risk of failure)
Press: ? - help, Shift-Dir - straight line, f - iguana, p - jackal
Aim: an iguana (chance to affect: 86%)
You feel a surge of power!
The ball explodes into a vile cloud!
The stinking cloud engulfs the iguana.
The stinking cloud engulfs the jelly.
The stinking cloud engulfs you.
The stinking cloud engulfs the orc wizard.
The stinking cloud engulfs the orc.
The jackal is engulfed in noxious fumes.
The jackal appears confused.
The orc is engulfed in noxious fumes.
The orc appears confused.
The orc misses you.
The orc hits you from afar with a +0 trident!
You die...

..)....##.#
######.##.#############
#...........#..©.#
####.####### ....# #.#
#####..## #.#
##.#.#.#.## ######.#
#.........# #......#
##..o....########
#.######
#§J@o.>.^.....<.. #.#
##§l§o...######## #.#
#h§o§........# ####.##
##.......###.# ......#
#.........# ####..#
##.#.#.#.##
####..########....##.#.#
...............#.## #...
.###......... . .


You could see an iguana, a jelly, an orc wizard, 3 orcs and a jackal (confused).

Vanquished Creatures
  A centaur (D:5)
  A scorpion (D:4)
  2 bombardier beetles (D:5)
  Jessica (D:3)
  A sleepcap (D:5)
  3 iguanas (D:5)
  Ijyb (D:5)
  Natasha (twice) (D:3)
  2 adders
  7 gnolls
  2 dart slugs (D:3)
  4 ribbon worms
  5 orcs
  6 ball pythons
  4 bats
  7 endoplasms
  5 giant cockroaches
  7 goblins
  7 hobgoblins
  9 jackals
  2 quokkas
  3 frilled lizards (D:3)
  4 kobolds
  8 rats
94 creatures vanquished.

Vanquished Creatures (collateral kills)
  A frilled lizard (D:5)
1 creature vanquished.

Grand Total: 95 creatures vanquished

Notes
Turn   | Place    | Note
-------+----------+-------------------------------------------
     0 | D:1      | Aldia the Octopode Alchemist began the quest for the Orb.
     0 | D:1      | Reached XP level 1. HP: 11/11 MP: 3/3
   232 | D:1      | Reached XP level 2. HP: 18/18 MP: 0/5
   235 | D:1      | Learned a level 2 spell: Mercury Vapours
   733 | D:2      | Reached skill level 1 in Fighting
   796 | D:2      | Reached XP level 3. HP: 18/23 MP: 0/6
   863 | D:2      | Found a white marble altar of Elyvilon.
   868 | D:2      | Learned a level 3 spell: Mephitic Cloud
   885 | D:2      | Reached skill level 4 in Alchemy
   892 | D:2      | Reached skill level 1 in Air Magic
   966 | D:2      | Became a worshipper of Elyvilon the Healer
  1350 | D:2      | Reached XP level 4. HP: 28/28 MP: 3/7
  1462 | D:2      | Reached * piety under Elyvilon
  1761 | D:3      | Noticed Jessica
  1766 | D:3      | Killed Jessica
  1767 | D:3      | Reached XP level 5. HP: 33/33 MP: 5/9
  1970 | D:3      | Noticed Natasha
  1976 | D:3      | Killed Natasha
  2134 | D:3      | Noticed Natasha
  2144 | D:3      | Killed Natasha
  2279 | D:3      | Found a glowing silver altar of Zin.
  2287 | D:3      | Found a hazy altar of Hepliaklqana.
  2327 | D:3      | Found a sparkling altar of Nemelex Xobeh.
  2330 | D:3      | Found a shadowy altar of Dithmenos.
  2332 | D:3      | Found a shimmering blue altar of Sif Muna.
  2334 | D:3      | Found an ancient bone altar of Kikubaaqudgha.
  2334 | D:3      | Found a glowing golden altar of the Shining One.
  2334 | D:3      | Found an ornate altar of the Wu Jian Council.
  2334 | D:3      | Found a broken altar of Ashenzari.
  2335 | D:3      | Found a burning altar of Makhleb.
  2339 | D:3      | Found a basalt altar of Yredelemnul.
  2351 | D:3      | Upgraded the game from 0.31-b1-22-gc680215f68 to 0.31.0
  2388 | D:3      | Fell from the grace of Elyvilon
  2388 | D:3      | Became a worshipper of Hepliaklqana the Forgotten
  2751 | D:3      | Found a hide-covered altar of Uskayaw.
  2945 | D:3      | Noticed Natasha
  3112 | D:4      | Reached XP level 6. HP: 38/38 MP: 7/10
  3122 | D:4      | Learned a level 4 spell: Olgreb's Toxic Radiance
  3215 | D:4      | Found a transporter.
  3215 | D:4      | Noticed a fire bat
  3375 | D:4      | You fall into a shaft and drop 1 floor!
  3375 | D:5      | Entered Level 5 of the Dungeon
  3702 | D:5      | Reached skill level 5 in Alchemy
  3706 | D:5      | Noticed Ijyb
  3708 | D:5      | Reached XP level 7. HP: 45/45 MP: 2/12
  3897 | D:5      | Killed Ijyb
  4104 | D:5      | Reached * piety under Hepliaklqana
  4206 | D:5      | Noticed Prince Ribbit
  4218 | D:4      | Found a transporter.
  4224 | D:4      | HP: 2/40 [acid (8)]
  4225 | D:4      | Mangled by an orc

Illustrated notes

Levels and vault maps discovered:
D:1:      minmay_arrival_up_and_down, layout_basic
D:2:      layout_basic, basic_altar, minmay_pentomino_o2
D:3:      layout_loops_ring, minitemple, mainiacjoe_overflow_big_doors,
          eat_drink_and_be_merry_uskayaw, grunt_ministairs_4,
          roderic_roman_lattice, uniq_jessica, uniq_natasha
D:4:      gammafunk_cloud_chamber, layout_loops_ring, st_stairs_4,
          lightli_minifort
D:5:      layout_basic, mainiacjoe_sewer_entry_somewhere_in_here_1,
          nicolae_letterblocks [nicolae_letter_subblock,
          nicolae_letter_subblock, nicolae_letter_subblock,
          nicolae_letter_subblock, nicolae_letter_subblock,
          nicolae_letter_subblock, nicolae_letter_subblock,
          nicolae_letter_subblock, nicolae_letter_subblock,
          nicolae_letter_subblock, nicolae_letter_subblock,
          nicolae_letter_subblock, nicolae_letter_subblock,
          nicolae_letter_subblock, nicolae_letter_subblock,
          nicolae_letter_subblock, nicolae_letter_subblock,
          nicolae_letter_subblock, nicolae_letter_subblock,
          nicolae_letter_subblock, nicolae_letter_subblock,
          nicolae_letter_subblock, nicolae_letter_subblock,
          nicolae_letter_subblock, nicolae_letter_subblock],
          uniq_prince_ribbit1, uniq_ijyb

Skill      XL: |  1  2  3  4  5  6  7 |
---------------+----------------------+-----
Fighting       | 1 2 |  2.4
Alchemy        | 4 5 |  5.2
Air Magic      | 1 2 3 |  3.0
Stealth        | 3 4 |  4.0
Conjurations   | 2 3 |  3.2
Spellcasting   | 3 |  3.5
Dodging        | |  2.0

Action                     |  1- 3 |  4- 6 |  7- 9 || total
---------------------------+-------+-------+-------++-------
  Melee: Dagger            |    38 |    13 |       ||    51
         Constrict         |    14 |     6 |     4 ||    24
         Tentacles         |     9 |     5 |     4 ||    18
         Staff             |       |     7 |    11 ||    18
         Punch             |       |     1 |     1 ||     2
   Fire: Orcbow            |       |       |    20 ||    20
   Cast: Sting             |    49 |   101 |     5 ||   155
         Mercury Vapours   |     1 |       |       ||     1
         Mephitic Cloud    |       |     1 |     8 ||     9
 Invoke: Ancestor Identity |       |       |     1 ||     1
    Use: Scroll            |       |     7 |     1 ||     8
   Stab: Sleeping          |       |     1 |       ||     1
         Confused          |       |       |     3 ||     3
 Armour: Skin              |    23 |    29 |    19 ||    71
  Dodge: Dodged            |    28 |    38 |    30 ||    96
